SNL (28 & UNDER)
KEY WEST BARRACUDAS @ GAINESVILLE GUIDOS
08/06/2030
 
TOP OF THE 1ST
Key West Barracudas batting - Pitching for Gainesville Guidos : RHP Rodney Hall
Pitching: RHP Rodney Hall
Batting: RHB Ramiro Javier 0-0: Ball
1-0: Foul Ball, location: 2F
1-1: Ball
2-1: Foul Ball, location: 2F
2-2: Foul Ball, location: 2F
2-2: Ball
3-2: Foul Ball, location: 2F
3-2: DOUBLE (Line Drive, 78D)
Batting: RHB Ramón Díaz 0-0: Foul Ball, location: 2F
0-1: Hit by Pitch
Batting: RHB Rob DeWitt 0-0: Ball
1-0: Swinging Strike
1-1: Swinging Strike
1-2: Fly out, F8 (Line Drive, 89D)
Runner from 2nd tags up, SAFE at 3rd, no throw
Batting: RHB Cris Lugo 0-0: Ball
1-0: Foul Ball, location: 2F
1-1: Called Strike
1-2: Ball
2-2: Strikes out swinging
Batting: SHB Júlio Ayala 0-0: Called Strike
0-1: SINGLE (Groundball, 34D)
Ramiro Javier scores
Ramón Díaz to second
Runner from 2nd tries for 3rd, SAFE, throw made to third
Batting: LHB Howard White 0-0: Foul Ball, location: 2F
0-1: Ball
1-1: Ball
2-1: Foul Ball, location: 2F
2-2: Ball
3-2: Foul Ball, location: 2F
3-2: SINGLE (Groundball, 6) (infield hit)
Ramón Díaz scores
Júlio Ayala to second
Batting: SHB Brock Owens 0-0: Ball
1-0: Ball
2-0: Ball
3-0: Base on Balls
Júlio Ayala to third
Howard White to second
Batting: LHB Mauro Díaz 0-0: Ball
1-0: Ball
2-0: Ball
3-0: Called Strike
3-1: SINGLE (Line Drive, 7LS)
Júlio Ayala scores
Howard White to third
Brock Owens to second
Runner from 3rd tries for Home, SAFE, no throw
Batting: SHB Eric Pimentel 0-0: Ball
1-0: Ball
2-0: Fielders Choice at 2nd, 5-4 (Groundball, 5L)
Top of the 1st over - 4 runs, 4 hits, 0 errors, 2 left on base; Key West 4 - Gainesville 0
BOTTOM OF THE 1ST
Gainesville Guidos batting - Pitching for Key West Barracudas : RHP David Howard
Pitching: RHP David Howard
Batting: SHB Manuel Díaz 0-0: Swinging Strike
0-1: Foul Ball, location: 2F
0-2: Ball
1-2: SINGLE (Line Drive, 78S)
Batting: RHB León Reynoso 0-0: Called Strike
0-1: SINGLE (Groundball, 4D)
Manuel Díaz to second
Runner from 2nd tries for 3rd, SAFE, no throw
Batting: RHB César Castillo 0-0: Ball
1-0: Fly out, F8 (Flyball, 8LM)
Runner from 3rd tags up, SCORES, throw made
Batting: SHB Kent Phillips 0-0: Ball
León Reynoso steals 2nd base
1-0: Foul Ball, location: 2F
1-1: Foul Ball, location: 2F
1-2: Ground out 6-3 (Groundball, 6)
León Reynoso to third
Batting: RHB Adrián López 0-0: Called Strike
0-1: Foul Ball, location: 2F
0-2: Ball
1-2: Ball
2-2: Foul Ball, location: 2F
2-2: Ball
3-2: Base on Balls
Batting: RHB James Morris 0-0: Foul Ball, location: 2F
0-1: Called Strike
0-2: Foul Ball, location: 2F
0-2: Ball
1-2: Fielders Choice at 2nd, 5-4 (Groundball, 56)
Bottom of the 1st over - 1 run, 2 hits, 0 errors, 2 left on base; Key West 4 - Gainesville 1
TOP OF THE 2ND
Key West Barracudas batting - Pitching for Gainesville Guidos : RHP Rodney Hall
Batting: RHB Ramiro Javier 0-0: Called Strike
0-1: Ball
1-1: DOUBLE (Line Drive, 9D)
Batting: RHB Ramón Díaz 0-0: Called Strike
0-1: Swinging Strike
0-2: Strikes out swinging
Batting: RHB Rob DeWitt Pickoff Throw to Second - Error! E1
Ramiro Javier to third
0-0: Ball
1-0: Ball
2-0: Ball
3-0: Base on Balls
Batting: RHB Cris Lugo 0-0: Ball
1-0: Fly out, F6 (Line Drive, 6)
Batting: SHB Júlio Ayala 0-0: Called Strike
0-1: Ball
1-1: Ball
2-1: Ball
3-1: Called Strike
3-2: Fly out, F7 (Flyball, 7D)
Top of the 2nd over - 0 runs, 1 hit, 1 error, 2 left on base; Key West 4 - Gainesville 1
BOTTOM OF THE 2ND
Gainesville Guidos batting - Pitching for Key West Barracudas : RHP David Howard
Batting: RHB Dave Marshall 0-0: Ball
1-0: Ground out 5-3 (Groundball, 56)
Batting: RHB Ricardo Medina 0-0: Foul Ball, location: 2F
0-1: Swinging Strike
0-2: Foul Ball, location: 2F
0-2: Strikes out swinging
Batting: RHB Ronald Cleveland 0-0: Ball
1-0: Ball
2-0: Ground out 5-3 (Groundball, 56)
Bottom of the 2nd over - 0 runs, 0 hits, 0 errors, 0 left on base; Key West 4 - Gainesville 1
TOP OF THE 3RD
Key West Barracudas batting - Pitching for Gainesville Guidos : RHP Rodney Hall
Batting: LHB Howard White 0-0: SINGLE (Groundball, 4D)
Batting: SHB Brock Owens 0-0: Ball
1-0: Foul Ball, location: 2F
1-1: DOUBLE (Line Drive, 7LD)
Howard White to third
Runner from 3rd tries for Home, SAFE, no throw
Batting: LHB Mauro Díaz 0-0: Called Strike
0-1: Swinging Strike
0-2: SINGLE (Line Drive, 7S)
Brock Owens to third
Runner from 3rd tries for Home, SAFE, throw made home
Pitching: RHP Carlos Montés
Batting: SHB Eric Pimentel 0-0: Ball
1-0: Foul Ball, location: 2F
1-1: Called Strike
1-2: Strikes out swinging
Batting: RHB Ramiro Javier 0-0: Ball
1-0: Called Strike
1-1: Ball
2-1: Foul Ball, location: 2F
2-2: Ball
3-2: SINGLE (Line Drive, 89S)
Mauro Díaz to second
Runner from 2nd tries for 3rd, SAFE, no throw
Batting: RHB Ramón Díaz 0-0: Called Strike
0-1: Swinging Strike
0-2: Ball
1-2: Strikes out swinging
Batting: RHB Rob DeWitt 0-0: Called Strike
0-1: Foul Ball, location: 2F
0-2: Strikes out swinging
Top of the 3rd over - 2 runs, 4 hits, 0 errors, 2 left on base; Key West 6 - Gainesville 1
BOTTOM OF THE 3RD
Gainesville Guidos batting - Pitching for Key West Barracudas : RHP David Howard
Batting: SHB Manuel Díaz 0-0: Called Strike
0-1: Called Strike
0-2: Ball
1-2: Strikes out swinging
Batting: RHB León Reynoso 0-0: Ball
1-0: Foul Ball, location: 2F
1-1: Foul Ball, location: 2F
1-2: Ball
2-2: Strikes out swinging
Batting: RHB César Castillo 0-0: Called Strike
0-1: Ball
1-1: Foul Ball, location: 2F
1-2: Ball
2-2: Strikes out swinging
Bottom of the 3rd over - 0 runs, 0 hits, 0 errors, 0 left on base; Key West 6 - Gainesville 1
TOP OF THE 4TH
Key West Barracudas batting - Pitching for Gainesville Guidos : RHP Carlos Montés
Batting: RHB Cris Lugo 0-0: Ball
1-0: Ball
2-0: Foul Ball, location: 2F
2-1: Ball
3-1: Base on Balls
Batting: SHB Júlio Ayala 0-0: Called Strike
0-1: Fly out, F9 (Flyball, 9D)
Batting: LHB Howard White 0-0: Ball
1-0: Ball
Cris Lugo steals 2nd base
2-0: Ball
3-0: Fly out, F3 (Popup, 34S)
Batting: SHB Brock Owens 0-0: Ball
1-0: Ball
2-0: Foul Ball, location: 2F
2-1: Ball
3-1: Foul Ball, location: 2F
3-2: Foul Ball, location: 2F
3-2: Foul Ball, location: 2F
3-2: Base on Balls
Batting: LHB Mauro Díaz 0-0: Foul Ball, location: 2F
0-1: Swinging Strike
0-2: Foul Ball, location: 2F
0-2: 3-RUN HOME RUN (Flyball, 9LD), Distance : 327 ft
Batting: SHB Eric Pimentel 0-0: Ball
1-0: Foul Ball, location: 2F
1-1: Called Strike
1-2: Strikes out swinging
Top of the 4th over - 3 runs, 1 hit, 0 errors, 0 left on base; Key West 9 - Gainesville 1
BOTTOM OF THE 4TH
Gainesville Guidos batting - Pitching for Key West Barracudas : RHP David Howard
Batting: SHB Kent Phillips 0-0: Fly out, F7 (Flyball, 7S)
Batting: RHB Adrián López 0-0: Ball
1-0: Ball
2-0: Foul Ball, location: 2F
2-1: Ball
3-1: Base on Balls
Batting: RHB James Morris 0-0: Ball
1-0: Ball
2-0: Foul Ball, location: 2F
2-1: Foul Ball, location: 2F
2-2: Foul Ball, location: 2F
2-2: Fly out, F7 (Flyball, 7)
Batting: RHB Dave Marshall 0-0: Ball
1-0: Ground out 4-3 (Groundball, 34)
Bottom of the 4th over - 0 runs, 0 hits, 0 errors, 1 left on base; Key West 9 - Gainesville 1
TOP OF THE 5TH
Key West Barracudas batting - Pitching for Gainesville Guidos : RHP Carlos Montés
Batting: RHB Ramiro Javier 0-0: Ball
1-0: Ball
2-0: Called Strike
2-1: Ground out U3 (Groundball, 34)
Batting: RHB Ramón Díaz 0-0: Called Strike
0-1: Foul Ball, location: 2F
0-2: Ball
1-2: Foul Ball, location: 2F
1-2: Ground out 4-3 (Groundball, 4)
Batting: RHB Rob DeWitt 0-0: Ball
1-0: Ball
2-0: Ball
3-0: Called Strike
3-1: Base on Balls
Batting: RHB Cris Lugo 0-0: Called Strike
0-1: DOUBLE (Flyball, 8LXD)
Rob DeWitt to third
Runner from 3rd tries for Home, SAFE, no throw
Batting: SHB Júlio Ayala 0-0: Foul Ball, location: 2F
0-1: Ball
1-1: Ball
2-1: SINGLE (Line Drive, 9LM)
Cris Lugo to third
Runner from 3rd tries for Home, SAFE, no throw
Batting: LHB Howard White 0-0: Ball
1-0: Foul Ball, location: 2F
1-1: Foul Ball, location: 2F
1-2: Foul Ball, location: 2F
1-2: Foul Ball, location: 2F
1-2: Foul Ball, location: 2F
1-2: Ball
2-2: Ball
3-2: Foul Ball, location: 2F
3-2: Foul Ball, location: 2F
3-2: Base on Balls
Júlio Ayala to second
Batting: SHB Brock Owens 0-0: Called Strike
0-1: Swinging Strike
0-2: Ball
1-2: Foul Ball, location: 2F
1-2: Foul Ball, location: 2F
1-2: Ball
2-2: Ball
3-2: Strikes out looking
Top of the 5th over - 2 runs, 2 hits, 0 errors, 2 left on base; Key West 11 - Gainesville 1
BOTTOM OF THE 5TH
Gainesville Guidos batting - Pitching for Key West Barracudas : RHP David Howard
Batting: RHB Ricardo Medina 0-0: Ball
1-0: Ball
2-0: Foul Ball, location: 2F
2-1: Hit by Pitch
Batting: RHB Ronald Cleveland 0-0: Ball
1-0: Ball
2-0: Ball
3-0: Called Strike
3-1: Foul Ball, location: 2F
3-2: Grounds into double play, 4-6-3 (Groundball, 4)
Batting: SHB Manuel Díaz 0-0: Ball
1-0: Ball
2-0: Ball
3-0: Called Strike
3-1: Called Strike
3-2: Base on Balls
Batting: RHB León Reynoso 0-0: Called Strike
0-1: Foul Ball, location: 2F
0-2: Strikes out looking
Bottom of the 5th over - 0 runs, 0 hits, 0 errors, 1 left on base; Key West 11 - Gainesville 1
TOP OF THE 6TH
Key West Barracudas batting - Pitching for Gainesville Guidos : RHP Carlos Montés
Batting: LHB Mauro Díaz 0-0: Foul Ball, location: 2F
0-1: SINGLE (Line Drive, 4M)
Batting: SHB Eric Pimentel 0-0: Fly out, F6 (Popup, 6MS)
Batting: RHB Ramiro Javier 0-0: Called Strike
0-1: Ball
1-1: 2-RUN HOME RUN (Flyball, 8RXD), Distance : 425 ft
Batting: RHB Ramón Díaz 0-0: Fly out, F9 (Flyball, 9D)
Pitching: RHP Nathan Davis
Pinch Hitting: RHB Domingo Hernández 0-0: Called Strike
0-1: Called Strike
0-2: Ball
1-2: Strikes out looking
Top of the 6th over - 2 runs, 2 hits, 0 errors, 0 left on base; Key West 13 - Gainesville 1
BOTTOM OF THE 6TH
Gainesville Guidos batting - Pitching for Key West Barracudas : RHP David Howard
Now in CF: Jorge Hernández
Batting: RHB César Castillo 0-0: Fly out, F8 (Flyball, 8LM)
Batting: SHB Kent Phillips 0-0: Ball
1-0: Called Strike
1-1: Fly out, F7 (Flyball, 7D)
Batting: RHB Adrián López 0-0: Ball
1-0: Ball
2-0: Called Strike
2-1: Ball
3-1: Foul Ball, location: 2F
3-2: Foul Ball, location: 2F
3-2: Base on Balls
Batting: RHB James Morris 0-0: Ball
1-0: Fly out, F6 (Popup, 6M)
Bottom of the 6th over - 0 runs, 0 hits, 0 errors, 1 left on base; Key West 13 - Gainesville 1
TOP OF THE 7TH
Key West Barracudas batting - Pitching for Gainesville Guidos : RHP Nathan Davis
Batting: RHB Cris Lugo 0-0: Called Strike
0-1: Ball
1-1: DOUBLE (Line Drive, 9LM)
Batting: SHB Júlio Ayala 0-0: Fly out, F8 (Flyball, 8LXD)
Runner from 2nd tags up, SAFE at 3rd, no throw
Batting: LHB Howard White 0-0: Foul Ball, location: 2F
0-1: Ball
1-1: Fly out, F9 (Flyball, 89S)
Runner from 3rd tags up, SCORES, no throw
Batting: SHB Brock Owens 0-0: Called Strike
0-1: Foul Ball, location: 2F
0-2: Strikes out swinging, 2-3 out at first.
Top of the 7th over - 1 run, 1 hit, 0 errors, 0 left on base; Key West 14 - Gainesville 1
BOTTOM OF THE 7TH
Gainesville Guidos batting - Pitching for Key West Barracudas : RHP David Howard
Batting: RHB Dave Marshall 0-0: SINGLE (Groundball, 34D)
Batting: RHB Ricardo Medina 0-0: Called Strike
0-1: Called Strike
0-2: Ball
1-2: Strikes out swinging
Batting: RHB Ronald Cleveland 0-0: Swinging Strike
0-1: Fielders Choice at 2nd, 6-4 (Groundball, 6M)
Batting: SHB Manuel Díaz 0-0: DOUBLE (Flyball, 8RD)
Ronald Cleveland to third
Runner from 3rd tries for Home, SAFE, no throw
Batting: RHB León Reynoso 0-0: Called Strike
0-1: Swinging Strike
0-2: Hit by Pitch
Batting: RHB César Castillo 0-0: Ball
1-0: Called Strike
1-1: Ball
2-1: Fly out, F9 (Flyball, 89M)
Bottom of the 7th over - 1 run, 2 hits, 0 errors, 2 left on base; Key West 14 - Gainesville 2
TOP OF THE 8TH
Key West Barracudas batting - Pitching for Gainesville Guidos : RHP Nathan Davis
Batting: LHB Mauro Díaz 0-0: Reached on error, E4 (Groundball, 4)
Batting: SHB Eric Pimentel 0-0: Foul Ball, location: 2F
0-1: Swinging Strike
0-2: Ball
1-2: Strikes out swinging
Batting: RHB Ramiro Javier 0-0: Ball
1-0: Ball
2-0: Called Strike
2-1: Ball
3-1: Base on Balls
Batting: RHB Ramón Díaz 0-0: Ball
1-0: Ball
2-0: SINGLE (Groundball, 56D)
Mauro Díaz to third
Ramiro Javier to second
Runner from 3rd tries for Home, SAFE, no throw
Batting: RHB Jorge Hernández 0-0: Ball
1-0: Called Strike
1-1: Ball
2-1: Hit by Pitch
Ramiro Javier to third
Ramón Díaz to second
Batting: RHB Cris Lugo 0-0: Called Strike
0-1: Ball
1-1: Swinging Strike
1-2: Strikes out swinging
Batting: SHB Júlio Ayala 0-0: Called Strike
0-1: Called Strike
0-2: Strikes out looking
Top of the 8th over - 1 run, 1 hit, 1 error, 3 left on base; Key West 15 - Gainesville 2
BOTTOM OF THE 8TH
Gainesville Guidos batting - Pitching for Key West Barracudas : RHP David Howard
Batting: SHB Kent Phillips 0-0: Called Strike
0-1: Ball
1-1: Foul Ball, location: 2F
1-2: Strikes out swinging
Batting: RHB Adrián López 0-0: Ball
1-0: Ball
2-0: Called Strike
2-1: Called Strike
2-2: SINGLE (Line Drive, 78M)
Batting: RHB James Morris 0-0: Ball
1-0: Swinging Strike
1-1: SINGLE (Line Drive, 7LS)
Adrián López to second
Batting: RHB Dave Marshall 0-0: Called Strike
0-1: Foul Ball, location: 2F
0-2: Strikes out looking
Pitching: RHP Mario Díaz
Batting: RHB Ricardo Medina 0-0: SINGLE (Groundball, 56D)
Adrián López to third
James Morris to second
Runner from 3rd tries for Home, SAFE, throw made home
Batting: RHB Ronald Cleveland 0-0: Foul Ball, location: 2F
0-1: Ball
1-1: SINGLE (Line Drive, 8LS)
James Morris to third
Ricardo Medina to second
Batting: SHB Manuel Díaz 0-0: Ball
1-0: Ball
2-0: Foul Ball, location: 2F
2-1: Swinging Strike
2-2: Ball
3-2: Base on Balls
James Morris scores
Ricardo Medina to third
Ronald Cleveland to second
Batting: RHB León Reynoso 0-0: Ball
1-0: Ball
2-0: Called Strike
2-1: Ball
3-1: Base on Balls
Ricardo Medina scores
Ronald Cleveland to third
Manuel Díaz to second
Batting: RHB César Castillo 0-0: Ball
1-0: Called Strike
1-1: Foul Ball, location: 2F
1-2: Foul Ball, location: 2F
1-2: Strikes out looking
Bottom of the 8th over - 3 runs, 4 hits, 0 errors, 3 left on base; Key West 15 - Gainesville 5
TOP OF THE 9TH
Key West Barracudas batting - Pitching for Gainesville Guidos : RHP Nathan Davis
Batting: LHB Howard White 0-0: Ball
1-0: Ball
2-0: Foul Ball, location: 2F
2-1: Swinging Strike
2-2: Strikes out swinging
Batting: SHB Brock Owens 0-0: Ball
1-0: Ball
2-0: Ball
3-0: Called Strike
3-1: Ground out U3 (Groundball, 34D)
Batting: LHB Mauro Díaz 0-0: Fly out, F6 (Flyball, 56D)
Top of the 9th over - 0 runs, 0 hits, 0 errors, 0 left on base; Key West 15 - Gainesville 5
BOTTOM OF THE 9TH
Gainesville Guidos batting - Pitching for Key West Barracudas : RHP Mario Díaz
Batting: SHB Kent Phillips 0-0: SINGLE (Line Drive, 6MD)
Batting: RHB Adrián López 0-0: Swinging Strike
0-1: Called Strike
0-2: Foul Ball, location: 2F
0-2: Foul Ball, location: 2F
0-2: Ball
1-2: Ball
2-2: Ball
Wild Pitch!
Kent Phillips to second
3-2: Ground out 6-3 (Groundball, 56)
Batting: RHB James Morris 0-0: Foul Ball, location: 2F
0-1: SINGLE (Line Drive, 9LM)
Kent Phillips to third
Batting: RHB Dave Marshall 0-0: Called Strike
0-1: SINGLE (Groundball, 6MD)
Kent Phillips scores
James Morris to second
Batting: RHB Ricardo Medina 0-0: Ball
1-0: Called Strike
1-1: Foul Ball, location: 2F
1-2: Foul Ball, location: 2F
1-2: Foul Ball, location: 2F
1-2: Ball
2-2: Strikes out swinging
Batting: RHB Ronald Cleveland 0-0: Swinging Strike
0-1: Ball
1-1: Called Strike
1-2: Ball
2-2: Ball
3-2: SINGLE (Groundball, 56D)
James Morris to third
Dave Marshall to second
James Morris scores
Dave Marshall to third
Batting: SHB Manuel Díaz 0-0: Fly out, F8 (Flyball, 8LS)
Bottom of the 9th over - 2 runs, 4 hits, 0 errors, 2 left on base; Key West 15 - Gainesville 7
Saturday, April 7th, 2018 - OOTP Baseball 18.8 Build 76